[Event "ICC tourney 2315 (120 10)"]
[Site "Internet Chess Club"]
[Date "2021.01.18"]
[Round "5"]
[White "chessisthebest1"]
[Black "JunlinTheWorld"]
[Result "0-1"]
[ICCResult "White resigns"]
[WhiteElo "1812"]
[BlackElo "1837"]
[Opening "Sicilian: dragon, Yugoslav attack, 10.O-O-O"]
[ECO "B78"]
[NIC "SI.18"]
[Time "11:02:32"]
[PlyCount "56"]
[TimeControl "7200+10"]

1. e4 c5 2. Nf3 d6 3. d4 cxd4 4. Nxd4 Nf6 5. Nc3 g6 6. Be3 Bg7 7. f3 O-O 8.
Bc4 Nc6 9. Qd2 Bd7 10. O-O-O Rc8 11. Bb3 Ne5 12. h4 h5 13. Bg5 Rc5 14. g4
hxg4 15. h5 Nxh5 16. Nd5 Re8 17. Rxh5 gxh5 18. Qh2 Rxd5 19. Bxd5 gxf3 20.
Qxh5 f2 21. Rh1 Qa5 22. Nf3 e6 23. Qh7+ Kf8 24. Bh6 Bxh6+ 25. Qxh6+ Ke7 26.
Qh4+ f6 27. Nxe5 dxe5 28. Bb3 Rh8 { White resigns } 0-1

[Event "ICC tourney 2315 (120 10)"]
[Site "Internet Chess Club"]
[Date "2021.01.18"]
[Round "5"]
[White "fleshlumpeater"]
[Black "Boldmann"]
[Result "1/2-1/2"]
[ICCResult "Game drawn by mutual agreement"]
[WhiteElo "1966"]
[BlackElo "1756"]
[Opening "Queen's pawn game"]
[ECO "D02"]
[NIC "QP.08"]
[Time "11:02:44"]
[PlyCount "33"]
[TimeControl "7200+10"]

1. d4 d5 2. Nf3 Bf5 3. c4 e6 4. Nc3 Nf6 5. Bg5 Be7 6. e3 O-O 7. Be2 Ne4 8.
Bxe7 Qxe7 9. Qb3 c6 10. O-O Bg4 11. Qc2 Nxc3 12. Qxc3 Nd7 13. a3 e5 14.
dxe5 Nxe5 15. Nxe5 Bxe2 16. Rfe1 Bxc4 17. Nxc4 { Game drawn by mutual
agreement } 1/2-1/2

[Event "ICC tourney 2315 (120 10)"]
[Site "Internet Chess Club"]
[Date "2021.01.18"]
[Round "5"]
[White "rockinroll"]
[Black "Sricharan07"]
[Result "0-1"]
[ICCResult "White resigns"]
[WhiteElo "1804"]
[BlackElo "1877"]
[Opening "Queen's pawn: London system"]
[ECO "A45"]
[NIC "QP.07"]
[Time "11:02:15"]
[PlyCount "82"]
[TimeControl "7200+10"]

1. d4 Nf6 2. Bf4 d5 3. e3 c5 4. dxc5 Nc6 5. Bb5 Bf5 6. Nf3 a6 7. Bxc6+ bxc6
8. b4 g6 9. Nbd2 Bg7 10. Be5 O-O 11. O-O a5 12. a3 Bc8 13. Nd4 Qd7 14. N2b3
a4 15. Nd2 Ba6 16. Re1 Ne8 17. Bxg7 Kxg7 18. N2f3 f6 19. c3 e5 20. Nc2 Qe7
21. e4 Rd8 22. Qc1 Nc7 23. exd5 Nxd5 24. Ne3 Qb7 25. Nxd5 cxd5 26. Qc2 Qb5
27. Rad1 Rd7 28. Rd2 Rfd8 29. Red1 Qc6 30. h3 Bb5 31. Nh2 h5 32. Nf1 f5 33.
Re1 Qf6 34. Qb2 d4 35. cxd4 exd4 36. Red1 Rd5 37. Ne3 dxe3 38. Qxf6+ Kxf6
39. Rxd5 Rxd5 40. Rxd5 e2 41. Rd6+ Ke7 { White resigns } 0-1

[Event "ICC tourney 2315 (120 10)"]
[Site "Internet Chess Club"]
[Date "2021.01.18"]
[Round "5"]
[White "ibalek"]
[Black "FL2009"]
[Result "0-1"]
[ICCResult "White resigns"]
[WhiteElo "1652"]
[BlackElo "1863"]
[Opening "KGA: Abbazia defense, modern variation"]
[ECO "C31"]
[NIC "KG.04"]
[Time "11:03:06"]
[PlyCount "38"]
[TimeControl "7200+10"]

1. e4 e5 2. f4 d5 3. exd5 exf4 4. Nf3 Nf6 5. Bc4 Bd6 6. O-O O-O 7. d4 Bg4
8. Bb3 c5 9. dxc5 Bxc5+ 10. Kh1 Ne4 11. Qe1 Re8 12. Qh4 Nf2+ 13. Rxf2 Re1+
14. Nxe1 Qxh4 15. Rf1 Be2 16. Nf3 Qh5 17. Re1 Qxf3 18. Nd2 Qf2 19. Nf3 Qxf3
{ White resigns } 0-1

[Event "ICC tourney 2315 (120 10)"]
[Site "Internet Chess Club"]
[Date "2021.01.18"]
[Round "5"]
[White "pracheth18"]
[Black "awakeflood"]
[Result "1-0"]
[ICCResult "Black checkmated"]
[WhiteElo "1733"]
[BlackElo "1804"]
[Opening "Queen's bishop game"]
[ECO "D00"]
[NIC "QP.08"]
[Time "11:02:22"]
[PlyCount "141"]
[TimeControl "7200+10"]

1. d4 d5 2. Bf4 Nf6 3. Nf3 c5 4. e3 Nc6 5. c3 Qb6 6. Qb3 c4 7. Qxb6 axb6 8.
Na3 e5 9. Nb5 Ra5 10. dxe5 Rxb5 11. exf6 Rxb2 12. e4 Be6 13. exd5 Bxd5 14.
O-O-O Rb5 15. a4 Ba3+ 16. Kd2 Rb2+ 17. Ke1 Bxf3 18. fxg7 Rg8 19. gxf3 Bc5
20. Bxc4 Bxf2+ 21. Kf1 Bh4 22. Bg3 Bxg3 23. hxg3 Rxg7 24. g4 Rc2 25. Bd3
Rxc3 26. Kf2 Ke7 27. Bxh7 Ne5 28. Be4 Rc4 29. Rhe1 f6 30. Bxb7 Rxa4 31. Re2
Kf8 32. Rd8+ Ke7 33. Rb8 Kd6 34. Be4 Rb4 35. Rd2+ Kc5 36. Rc8+ Kb5 37. Rd5+
Ka4 38. Bc2+ Ka3 39. Rd1 Rb2 40. Rd4 Ra7 41. Rc3+ Ka2 42. Kg3 b5 43. Be4 b4
44. Bd5+ b3 45. Rb4 Ka3 46. Rcxb3+ Rxb3 47. Rxb3+ Ka4 48. Rb6 Rd7 49. Bc6+
Nxc6 50. Rxc6 Rf7 51. Kf4 Kb5 52. Re6 f5 53. gxf5 Kc5 54. Ke5 Rh7 55. f6
Rh5+ 56. Kf4 Rh8 57. f7 Rf8 58. Rf6 Kd5 59. Kf5 Kd4 60. Kg6 Ke5 61. Kg7 Rh8
62. Kxh8 Kxf6 63. f8=Q+ Kg6 64. Qg7+ Kh5 65. f4 Kh4 66. f5 Kh3 67. f6 Kh2
68. f7 Kh3 69. f8=Q Kh2 70. Qf2+ Kh3 71. Qgg3# { Black checkmated } 1-0

[Event "ICC tourney 2315 (120 10)"]
[Site "Internet Chess Club"]
[Date "2021.01.18"]
[Round "5"]
[White "VianYang"]
[Black "Pifischer"]
[Result "0-1"]
[ICCResult "White checkmated"]
[WhiteElo "1620"]
[BlackElo "1952"]
[Opening "Nimzo-Indian: classical, Noa variation, main line, 7.Qc2"]
[ECO "E37"]
[NIC "NI.23"]
[Time "11:02:14"]
[PlyCount "76"]
[TimeControl "7200+10"]

1. d4 Nf6 2. c4 e6 3. Nc3 Bb4 4. Qc2 d5 5. a3 Bxc3+ 6. Qxc3 Ne4 7. Qc2 O-O
8. Bf4 c5 9. dxc5 Nc6 10. e3 Nxc5 11. b4 Qf6 12. Rc1 Ne4 13. Bd3 Bd7 14. f3
g5 15. Bg3 Nxg3 16. hxg3 h6 17. Nh3 d4 18. Nf2 dxe3 19. Ng4 Qe7 20. Nxh6+
Kg7 21. Qc3+ e5 22. Bf5 Rh8 23. Bxd7 Qxd7 24. Qxe3 f6 25. Rd1 Nd4 26. Rxd4
exd4 27. Nf5+ Qxf5 28. Qe7+ Kg6 29. O-O Rae8 30. Qxb7 Re2 31. f4 g4 32.
Qxa7 d3 33. c5 Rhe8 34. c6 d2 35. Qd4 Qe4 36. f5+ Kf7 37. Qd7+ Re7 38. c7
Qxg2# { White checkmated } 0-1

[Event "ICC tourney 2315 (120 10)"]
[Site "Internet Chess Club"]
[Date "2021.01.18"]
[Round "5"]
[White "HarleyQueen8"]
[Black "ybabji"]
[Result "1/2-1/2"]
[ICCResult "Game drawn by mutual agreement"]
[WhiteElo "1858"]
[BlackElo "1873"]
[Opening "QGA: 4...e6"]
[ECO "D26"]
[NIC "QG.05"]
[Time "11:02:09"]
[PlyCount "50"]
[TimeControl "7200+10"]

1. d4 d5 2. c4 dxc4 3. Nf3 e6 4. e3 Nf6 5. Bxc4 Be7 6. O-O O-O 7. Nc3 b6 8.
Qe2 Bb7 9. Rd1 Ne4 10. Bd3 Nxc3 11. bxc3 Nd7 12. a4 a5 13. Ba3 Bxa3 14.
Rxa3 e5 15. Bb5 Qe7 16. Raa1 e4 17. Nd2 Nf6 18. Nf1 Nd5 19. Qc2 f5 20. Bc4
Kh8 21. Bxd5 Bxd5 22. c4 Bc6 23. c5 Bd5 24. Rdc1 Rad8 25. Rab1 Qe6 { Game
drawn by mutual agreement } 1/2-1/2

[Event "ICC tourney 2315 (120 10)"]
[Site "Internet Chess Club"]
[Date "2021.01.18"]
[Round "5"]
[White "aauman"]
[Black "Arsalchess"]
[Result "0-1"]
[ICCResult "White resigns"]
[WhiteElo "1534"]
[BlackElo "1882"]
[Opening "QGD Slav defense"]
[ECO "D10"]
[NIC "SL.01"]
[Time "11:02:15"]
[PlyCount "108"]
[TimeControl "7200+10"]

1. d4 d5 2. c4 c6 3. g3 Nf6 4. Nc3 e6 5. Bg2 Be7 6. Nf3 O-O 7. O-O Nbd7 8.
Qc2 Re8 9. b3 Bd6 10. Bg5 h6 11. Bd2 e5 12. cxd5 cxd5 13. Nb5 Bb8 14. Rfc1
e4 15. Ne1 Re6 16. Qxc8 Qxc8 17. Rxc8+ Kh7 18. Nc7 Rc6 19. Rc1 Rxc1 20.
Bxc1 Nb6 21. Nxa8 Nxc8 22. Bh3 Nd6 23. Bf4 Nh5 24. Bd2 Kg8 25. a4 Kf8 26.
Bb4 Ke8 27. e3 g6 28. Nc2 f5 29. g4 Ng7 30. gxf5 Ngxf5 31. Ba3 Kd7 32. Nb4
Ke6 33. Nc2 Kd7 34. Kg2 Nf7 35. Nb4 Bd6 36. f3 exf3+ 37. Kf2 Ng5 38. Bxf5+
gxf5 39. h4 Ne4+ 40. Kxf3 Nd2+ 41. Ke2 Nb1 42. Nxd5 Nxa3 43. b4 Kc6 44. Nc3
b6 45. e4 fxe4 46. b5+ Kb7 47. Nxe4 Be7 48. Nxb6 Kxb6 49. h5 Ka5 50. Nc5
Nxb5 51. axb5 Bxc5 52. dxc5 Kxb5 53. c6 Kxc6 54. Kd3 Kd5 { White resigns }
0-1

[Event "ICC tourney 2315 (120 10)"]
[Site "Internet Chess Club"]
[Date "2021.01.18"]
[Round "5"]
[White "gmcarebear999"]
[Black "kingannihilator"]
[Result "1-0"]
[ICCResult "Black resigns"]
[WhiteElo "1834"]
[BlackElo "1756"]
[Opening "Grünfeld: modern exchange variation"]
[ECO "D85"]
[NIC "GI.04"]
[Time "11:02:27"]
[PlyCount "69"]
[TimeControl "7200+10"]

1. d4 Nf6 2. c4 g6 3. Nc3 d5 4. cxd5 Nxd5 5. e4 Nxc3 6. bxc3 Bg7 7. Nf3 c5
8. Bc4 Nc6 9. Be3 O-O 10. O-O Bg4 11. dxc5 Qa5 12. Rb1 Qxc3 13. Qc1 Qxc1
14. Rfxc1 Rab8 15. Bf4 e5 16. Be3 Kh8 17. Ng5 Nd8 18. h3 Bd7 19. Rd1 Bc6
20. Bd5 Ba4 21. Rd2 h6 22. Nf3 f5 23. Rdb2 f4 24. Bd2 Rc8 25. Bxb7 Nxb7 26.
Rxb7 Bc2 27. Rc1 Bxe4 28. Rxa7 Bc6 29. a4 g5 30. Ne1 Ra8 31. Rxa8 Rxa8 32.
a5 e4 33. Nc2 Rd8 34. Be1 Bd4 35. Nxd4 { Black resigns } 1-0

[Event "ICC tourney 2315 (120 10)"]
[Site "Internet Chess Club"]
[Date "2021.01.18"]
[Round "5"]
[White "CougarForest"]
[Black "bg26723"]
[Result "1/2-1/2"]
[ICCResult "Game drawn because neither player has mating material"]
[WhiteElo "1492"]
[BlackElo "1917"]
[Opening "Caro-Kann: classical, Spassky variation"]
[ECO "B18"]
[NIC "CK.12"]
[Time "11:02:11"]
[PlyCount "88"]
[TimeControl "7200+10"]

1. e4 c6 2. d4 d5 3. Nc3 dxe4 4. Nxe4 Bf5 5. Ng3 Bg6 6. Nf3 Nd7 7. h4 h6 8.
h5 Bh7 9. Bd3 Bxd3 10. Qxd3 Ngf6 11. Bd2 e6 12. O-O-O Qc7 13. Ne4 O-O-O 14.
c4 Nxe4 15. Qxe4 Nf6 16. Qe3 c5 17. Qf4 cxd4 18. Qxc7+ Kxc7 19. Bf4+ Kc8
20. Nxd4 Bc5 21. Nb5 Ne4 22. b4 a6 23. bxc5 axb5 24. Rxd8+ Rxd8 25. Rd1
Nxc5 26. Rxd8+ Kxd8 27. Bd6 Nd3+ 28. Kd2 bxc4 29. Bf8 Nxf2 30. Bxg7 Ng4 31.
Kc3 b5 32. Bd4 Kd7 33. Kb4 e5 34. Kxb5 exd4 35. Kxc4 Nf6 36. Kxd4 Nxh5 37.
Ke5 f6+ 38. Kf5 Ke7 39. g4 Ng3+ 40. Kg6 Ne4 41. Kxh6 Kf7 42. a4 Nc5 43. g5
fxg5 44. Kxg5 Nxa4 { Game drawn because neither player has mating material
} 1/2-1/2

[Event "ICC tourney 2315 (120 10)"]
[Site "Internet Chess Club"]
[Date "2021.01.18"]
[Round "5"]
[White "Deveshc"]
[Black "corviknight"]
[Result "0-1"]
[ICCResult "White checkmated"]
[WhiteElo "1529"]
[BlackElo "1821"]
[Opening "Giuoco Piano"]
[ECO "C50"]
[NIC "IG.02"]
[Time "11:02:21"]
[PlyCount "62"]
[TimeControl "7200+10"]

1. e4 e5 2. Nf3 Nc6 3. Bc4 Bc5 4. O-O Nf6 5. d3 d6 6. c3 O-O 7. a4 a5 8.
Bg5 h6 9. Bh4 Be6 10. Nbd2 Kh7 11. Qc2 Kh8 12. Rad1 Rg8 13. Bxe6 fxe6 14.
Nc4 g5 15. Bg3 g4 16. Nh4 Nh5 17. Kh1 Qg5 18. Nd2 Raf8 19. Nb3 Bb6 20. d4
Qf6 21. d5 Nxg3+ 22. hxg3 Ne7 23. Qd2 Rg5 24. f4 Rh5 25. Qe1 Ng6 26. Kh2
Nxh4 27. gxh4 Rxh4+ 28. Kg3 exf4+ 29. Rxf4 Qxf4+ 30. Kxh4 Bf2+ 31. g3 Qg5#
{ White checkmated } 0-1

[Event "ICC tourney 2315 (120 10)"]
[Site "Internet Chess Club"]
[Date "2021.01.18"]
[Round "5"]
[White "helenasd"]
[Black "FlowingMelody"]
[Result "1/2-1/2"]
[ICCResult "Game drawn by mutual agreement"]
[WhiteElo "1633"]
[BlackElo "1356"]
[Opening "Ruy Lopez: closed"]
[ECO "C90"]
[NIC "RL.19"]
[Time "11:02:15"]
[PlyCount "74"]
[TimeControl "7200+10"]

1. e4 e5 2. Nf3 Nc6 3. Bb5 a6 4. Ba4 Nf6 5. O-O Be7 6. Re1 b5 7. Bb3 d6 8.
h3 Na5 9. c3 Nxb3 10. axb3 O-O 11. d4 exd4 12. Nxd4 Bb7 13. Nd2 c5 14. Nf5
Qd7 15. Ng3 Rfe8 16. Nf3 Bf8 17. Qc2 g6 18. Bg5 Bg7 19. h4 b4 20. h5 Nxh5
21. Nxh5 gxh5 22. Bh4 h6 23. Rad1 Qe6 24. Qd2 bxc3 25. bxc3 Bxe4 26. Qxd6
Qxd6 27. Rxd6 Bxf3 28. Rxe8+ Rxe8 29. gxf3 Re1+ 30. Kg2 Rc1 31. c4 Ra1 32.
Bf6 Ra3 33. Bxg7 Kxg7 34. Rc6 Rxb3 35. Rxc5 Rc3 36. Ra5 Rxc4 37. Rxa6 Rf4 {
Game drawn by mutual agreement } 1/2-1/2

[Event "ICC tourney 2315 (120 10)"]
[Site "Internet Chess Club"]
[Date "2021.01.18"]
[Round "5"]
[White "Han366"]
[Black "davika21"]
[Result "1/2-1/2"]
[ICCResult "Game drawn by mutual agreement"]
[WhiteElo "1700"]
[BlackElo "1898"]
[Opening "QGD: exchange, positional line"]
[ECO "D35"]
[NIC "QO.16"]
[Time "11:02:27"]
[PlyCount "62"]
[TimeControl "7200+10"]

1. d4 d5 2. c4 e6 3. Nc3 Nf6 4. cxd5 exd5 5. Bg5 Be7 6. e3 c6 7. Bd3 O-O 8.
Nge2 Nbd7 9. O-O Re8 10. Rb1 Nf8 11. b4 b5 12. Qc2 Ng6 13. Nf4 Nxf4 14.
Bxf4 a5 15. a3 a4 16. Ne2 Bb7 17. Be5 g6 18. h3 Bd6 19. Bxd6 Qxd6 20. Nf4
Nd7 21. Qd1 f5 22. Qf3 Nf6 23. Rbc1 Bc8 24. Qg3 Ne4 25. Bxe4 fxe4 26. Rc5
Rf8 27. Rfc1 Bd7 28. R5c3 Rae8 29. R1c2 Qf6 30. h4 Kh8 31. Nh3 Re7 { Game
drawn by mutual agreement } 1/2-1/2

[Event "ICC tourney 2315 (120 10)"]
[Site "Internet Chess Club"]
[Date "2021.01.18"]
[Round "5"]
[White "alexdora"]
[Black "clair"]
[Result "1-0"]
[ICCResult "Black resigns"]
[WhiteElo "1950"]
[BlackElo "1681"]
[Opening "Robatsch defense"]
[ECO "B06"]
[NIC "KF.05"]
[Time "11:02:13"]
[PlyCount "145"]
[TimeControl "7200+10"]

1. e4 g6 2. d4 Bg7 3. Nc3 e6 4. Be3 Ne7 5. f4 d5 6. e5 b6 7. Nf3 Nd7 8. Qd2
h5 9. O-O-O c5 10. Nb5 Nf5 11. Bd3 a6 12. Nc3 Nxe3 13. Qxe3 c4 14. Be2 b5
15. Kb1 Qa5 16. Rdf1 Rb8 17. g3 b4 18. Nd1 Nb6 19. h3 Bb7 20. g4 Na4 21.
Ng5 Nc3+ 22. bxc3 Bc8 23. Kc1 Qa3+ 24. Kd2 bxc3+ 25. Nxc3 Bf8 26. f5 gxf5
27. gxf5 Bb4 28. fxe6 Bxe6 29. Nxe6 fxe6 30. Rf6 Kd7 31. Rhf1 Rbf8 32. Rxf8
Rxf8 33. Rxf8 Bxf8 34. Bxh5 Bb4 35. Bg6 Qxa2 36. Ke2 Qa1 37. Nd1 a5 38. c3
Be7 39. Qd2 Qa4 40. Qc2 Qc6 41. Nb2 Qb6 42. Qa4+ Kc7 43. Nd1 Bh4 44. Be8
Qb3 45. Qxb3 cxb3 46. Ba4 Kb6 47. Bxb3 Kb5 48. Kd3 a4 49. Ba2 Kb6 50. Ne3
a3 51. Ng2 Bg5 52. h4 Bh6 53. Kc2 Kb5 54. Kb3 Bd2 55. h5 Bc1 56. Ne1 Kc6
57. Nd3 Bd2 58. Nb4+ Kd7 59. Nc2 Ke7 60. Nxa3 Kf7 61. Bb1 Kg7 62. Nb5 Kh6
63. Bg6 Kg7 64. Nc7 Kf8 65. Nxe6+ Ke7 66. Ng7 Kf8 67. Nf5 Kg8 68. h6 Kh8
69. e6 Bg5 70. Bf7 Kh7 71. e7 Bxe7 72. Nxe7 Kxh6 73. Nxd5 { Black resigns }
1-0

[Event "ICC tourney 2315 (120 10)"]
[Site "Internet Chess Club"]
[Date "2021.01.18"]
[Round "5"]
[White "mnm1"]
[Black "AJ2000"]
[Result "0-1"]
[ICCResult "White checkmated"]
[WhiteElo "1508"]
[BlackElo "1710"]
[Opening "Scotch game"]
[ECO "C45"]
[NIC "SO.05"]
[Time "11:02:16"]
[PlyCount "168"]
[TimeControl "7200+10"]

1. e4 e5 2. Nf3 Nc6 3. d4 exd4 4. Nxd4 Bc5 5. Be3 Qf6 6. c3 Nge7 7. Bc4 O-O
8. O-O Rd8 9. Nxc6 Qxc6 10. Bxf7+ Kxf7 11. Qh5+ Qg6 12. Qf3+ Kg8 13. Bxc5
d6 14. Be3 Bg4 15. Qg3 Qxe4 16. Nd2 Qg6 17. h3 Bf5 18. Nf3 Bd3 19. Qxg6
Nxg6 20. Rfd1 Be2 21. Rd2 Bxf3 22. gxf3 Rf8 23. Rd4 Rxf3 24. Kh2 Ne5 25.
Rg1 Rxe3 26. fxe3 Nf3+ 27. Kg2 Nxg1 28. Kxg1 Re8 29. Kf2 Re5 30. Ra4 a5 31.
Kf3 b6 32. Rc4 c5 33. a4 Kf7 34. Rh4 h6 35. c4 Kf6 36. Ke2 Rg5 37. b3 Ke5
38. Kd3 Ke6 39. Rf4 Rf5 40. Re4+ Kd7 41. Rg4 g5 42. h4 Ke6 43. hxg5 hxg5
44. Rg3 Kf6 45. e4 Rf4 46. Ke3 Rf1 47. Ke2 Rb1 48. Kd2 Rb2+ 49. Kc3 Rf2 50.
Kd3 Kg6 51. Kc3 Rf4 52. Rd3 Rf6 53. Kd2 g4 54. Rg3 Kg5 55. Ke3 Kh4 56. Rg1
Rf3+ 57. Ke2 Rxb3 58. Rh1+ Rh3 59. Rg1 Rh2+ 60. Ke3 g3 61. Kf3 g2 62. Rxg2
Rxg2 63. Kxg2 Kg4 64. Kf2 Kf4 65. Ke2 Kxe4 66. Kd2 Kd4 67. Kc2 Kxc4 68. Kb2
Kb4 69. Ka2 Kxa4 70. Kb2 c4 71. Kc2 Kb4 72. Kb2 c3+ 73. Kc2 d5 74. Kc1 Kb3
75. Kb1 c2+ 76. Kc1 a4 77. Kd2 a3 78. Kc1 a2 79. Kd2 a1=Q 80. Kd3 Qd1+ 81.
Ke3 c1=Q+ 82. Kf2 Qf4+ 83. Kg2 Qdg4+ 84. Kh1 Qh6# { White checkmated } 0-1

[Event "ICC tourney 2315 (120 10)"]
[Site "Internet Chess Club"]
[Date "2021.01.18"]
[Round "5"]
[White "Yamato1945"]
[Black "raschess"]
[Result "1-0"]
[ICCResult "Black resigns"]
[WhiteElo "1397"]
[BlackElo "1829"]
[Opening "QGD Slav: 3.Nf3"]
[ECO "D11"]
[NIC "SL.01"]
[Time "11:02:25"]
[PlyCount "113"]
[TimeControl "7200+10"]

1. d4 d5 2. c4 c6 3. Nf3 Nf6 4. Bf4 e6 5. e3 Bd6 6. Bg3 O-O 7. Be2 dxc4 8.
Bxc4 b5 9. Bd3 Bb7 10. O-O a6 11. Qc2 Bxg3 12. hxg3 Nbd7 13. Nbd2 Re8 14.
Ne4 h6 15. Nd6 Qb6 16. Nxe8 Rxe8 17. Rac1 e5 18. dxe5 Nxe5 19. Nxe5 Rxe5
20. Qc3 Re8 21. Qc5 Qc7 22. Rfd1 Re5 23. Qc2 c5 24. Rd2 c4 25. Rcd1 Re8 26.
Rc1 Qe5 27. Be2 Ne4 28. Rdd1 Nc5 29. Qc3 Qf5 30. Rd4 Ne4 31. Qe1 Qg5 32.
Bf3 Qg6 33. Rcd1 Nc5 34. Bxb7 Nxb7 35. Rd7 Nc5 36. Rd8 Rxd8 37. Rxd8+ Kh7
38. Qd1 Nd3 39. Qc2 Qf6 40. Rd4 Qe6 41. b3 g6 42. bxc4 bxc4 43. Qxc4 Ne5
44. Qxe6 fxe6 45. Re4 Nd3 46. Rxe6 a5 47. Ra6 h5 48. Rxa5 Nb4 49. a4 Kg7
50. Ra7+ Kf6 51. a5 Ke5 52. a6 Kd6 53. Ra8 Kc7 54. a7 Nc6 55. Rg8 Kb7 56.
Rxg6 Kxa7 57. Rxc6 { Black resigns } 1-0

[Event "ICC tourney 2315 (120 10)"]
[Site "Internet Chess Club"]
[Date "2021.01.18"]
[Round "5"]
[White "Ethan719"]
[Black "VincentT2008"]
[Result "0-1"]
[ICCResult "White forfeits on time"]
[WhiteElo "1826"]
[BlackElo "1726"]
[Opening "two knights defense: Wilkes Barre (Traxler) variation"]
[ECO "C57"]
[NIC "KP.01"]
[Time "11:03:06"]
[PlyCount "150"]
[TimeControl "7200+10"]

1. e4 e5 2. Nf3 Nc6 3. Bc4 Nf6 4. Ng5 Bc5 5. Bxf7+ Ke7 6. Bd5 Rf8 7. O-O d6
8. h3 Qe8 9. c3 Qg6 10. d4 Bb6 11. f4 exf4 12. Bxf4 h6 13. Nf3 Nh5 14. Nh4
Qe8 15. Nf5+ Kd8 16. Bh2 Bxf5 17. exf5 Qe3+ 18. Kh1 Ng3+ 19. Bxg3 Qxg3 20.
Nd2 Rb8 21. a4 Ne7 22. Be6 a5 23. Nc4 d5 24. Nxb6 cxb6 25. Qb3 Qd6 26. Rae1
Kc7 27. Rf3 Rbe8 28. Re5 Rd8 29. Rg3 Nxf5 30. Bxf5 Rxf5 31. Rxg7+ Rd7 32.
Rxf5 Rxg7 33. Qxd5 Qg6 34. Qe5+ Kd7 35. Qe4 Kc7 36. Qf4+ Kd7 37. Qe4 Kc7
38. Rf4 Kd6 39. Qxg6+ Rxg6 40. Rf5 Re6 41. Rh5 Re1+ 42. Kh2 Re6 43. g4 Re2+
44. Kg3 Rxb2 45. Rxh6+ Kd5 46. g5 Ra2 47. Rxb6 Rxa4 48. g6 Ra1 49. Rxb7
Rg1+ 50. Kf4 Rxg6 51. Rb5+ Kc4 52. Rxa5 Kxc3 53. d5 Kb4 54. Ra1 Kc5 55. Rd1
Kd6 56. h4 Rg2 57. h5 Rf2+ 58. Kg4 Rg2+ 59. Kh3 Rg5 60. Kh4 Rg2 61. h6 Kd7
62. d6 Rh2+ 63. Kg5 Rg2+ 64. Kh5 Rh2+ 65. Kg6 Rg2+ 66. Kf7 Rf2+ 67. Kg7
Rg2+ 68. Kh8 Rh2 69. h7 Rg2 70. Rf1 Ke8 71. d7+ Kxd7 72. Rf7+ Ke8 73. Rg7
Rf2 74. Rg8+ Kf7 75. Rg7+ Kf8 { White forfeits on time } 0-1

[Event "ICC tourney 2315 (120 10)"]
[Site "Internet Chess Club"]
[Date "2021.01.18"]
[Round "5"]
[White "joeandjoe56"]
[Black "imranchamp"]
[Result "1/2-1/2"]
[ICCResult "Game drawn by mutual agreement"]
[WhiteElo "1722"]
[BlackElo "1826"]
[Opening "Sicilian: Pelikan, Chelyabinsk variation"]
[ECO "B33"]
[NIC "SI.37"]
[Time "11:02:17"]
[PlyCount "112"]
[TimeControl "7200+10"]

1. e4 c5 2. Nf3 Nc6 3. d4 cxd4 4. Nxd4 Nf6 5. Nc3 e5 6. Ndb5 d6 7. Bg5 a6
8. Na3 b5 9. Nd5 Be7 10. Bxf6 Bxf6 11. c3 Rb8 12. Nc2 Bg5 13. Nce3 Bxe3 14.
Nxe3 Ne7 15. Be2 O-O 16. O-O Bb7 17. Qd3 d5 18. exd5 Nxd5 19. Nxd5 Qxd5 20.
Qxd5 Bxd5 21. Rfd1 Rfd8 22. a4 Kf8 23. axb5 axb5 24. Kf1 Bc6 25. Rxd8+ Rxd8
26. Ra6 Be8 27. Ke1 Rb8 28. Kd2 Ke7 29. Kc2 Rd8 30. Ra5 Bc6 31. g3 Rb8 32.
Ra7+ Ke6 33. Ra6 Kd7 34. Ra7+ Ke6 35. Ra6 Kd7 36. Bg4+ Kc7 37. Ra7+ Rb7 38.
Rxb7+ Bxb7 39. Kb3 Kb6 40. Kb4 Bc6 41. c4 bxc4 42. Kxc4 g6 43. b4 f5 44.
Bd1 h6 45. Bc2 e4 46. Kd4 Kb5 47. Bb3 Kxb4 48. Bf7 g5 49. Bg6 Bd7 50. Ke5
Kc3 51. Bxf5 Bxf5 52. Kxf5 Kd3 53. h4 Ke2 54. Kxe4 Kxf2 55. hxg5 hxg5 56.
Kf5 Kxg3 { Game drawn by mutual agreement } 1/2-1/2

[Event "ICC tourney 2315 (120 10)"]
[Site "Internet Chess Club"]
[Date "2021.01.18"]
[Round "5"]
[White "spideydavey"]
[Black "kittycat35"]
[Result "0-1"]
[ICCResult "White resigns"]
[WhiteElo "1802"]
[BlackElo "1696"]
[Opening "Ruy Lopez: closed, Chigorin defense"]
[ECO "C97"]
[NIC "RL.24"]
[Time "11:03:06"]
[PlyCount "70"]
[TimeControl "7200+10"]

1. e4 e5 2. Nf3 Nc6 3. Bb5 a6 4. Ba4 Nf6 5. O-O Be7 6. Re1 b5 7. Bb3 d6 8.
c3 O-O 9. h3 Na5 10. Bc2 c5 11. d4 Qc7 12. Nbd2 Bd7 13. Nf1 Rac8 14. d5 h6
15. b3 Nh7 16. Ng3 Qd8 17. Be3 Ng5 18. Nh2 Nh7 19. f4 exf4 20. Bxf4 Bf6 21.
e5 Bxe5 22. Bxe5 dxe5 23. Rxe5 Re8 24. Rxe8+ Qxe8 25. Qd3 g6 26. Nf3 Ng5
27. Nxg5 hxg5 28. Qf3 Kg7 29. Ne4 Qe5 30. Rf1 Be8 31. Qg4 Rd8 32. Nxg5 Rxd5
33. Nf3 Qxc3 34. Qe4 Bc6 35. Ne5 Qxe5 { White resigns } 0-1

[Event "ICC tourney 2315 (120 10)"]
[Site "Internet Chess Club"]
[Date "2021.01.18"]
[Round "5"]
[White "virajphadke"]
[Black "jmwgroff"]
[Result "0-1"]
[ICCResult "White checkmated"]
[WhiteElo "1582"]
[BlackElo "1894"]
[Opening "Queen's pawn: London system"]
[ECO "A45"]
[NIC "QP.07"]
[Time "11:02:19"]
[PlyCount "58"]
[TimeControl "7200+10"]

1. d4 Nf6 2. Bf4 d5 3. e3 c5 4. Nc3 a6 5. dxc5 Nc6 6. Nf3 e6 7. Bd3 Bxc5 8.
O-O O-O 9. e4 Nb4 10. e5 Nxd3 11. Qxd3 Nh5 12. Bd2 f5 13. exf6 Nxf6 14. Bg5
Qc7 15. Bh4 Bd7 16. Bg3 Bd6 17. Rae1 Bxg3 18. fxg3 b5 19. Ng5 g6 20. Nxe6
Qb6+ 21. Nd4 b4 22. Ne2 Bb5 23. Rxf6 Rxf6 24. Qb3 Bxe2 25. Qxd5+ Kg7 26.
Qxa8 Qxd4+ 27. Kh1 Qf2 28. Rg1 Qxg1+ 29. Kxg1 Rf1# { White checkmated } 0-1

[Event "ICC tourney 2315 (120 10)"]
[Site "Internet Chess Club"]
[Date "2021.01.18"]
[Round "5"]
[White "MysteryHunter"]
[Black "TigerSahi"]
[Result "1/2-1/2"]
[ICCResult "Game drawn by repetition"]
[WhiteElo "1743"]
[BlackElo "1662"]
[Opening "Ruy Lopez: closed, Breyer, Borisenko variation"]
[ECO "C95"]
[NIC "RL.25"]
[Time "11:02:17"]
[PlyCount "103"]
[TimeControl "7200+10"]

1. e4 e5 2. Nf3 Nc6 3. Bb5 a6 4. Ba4 Nf6 5. O-O Be7 6. Re1 b5 7. Bb3 d6 8.
h3 O-O 9. c3 Nb8 10. d4 Nbd7 11. Bc2 Bb7 12. Nbd2 Re8 13. Nf1 Bf8 14. Ng3
g6 15. Bg5 Bg7 16. Qd2 c5 17. dxc5 dxc5 18. Rad1 Qc7 19. Bh6 Rad8 20. Qg5
Bxh6 21. Qxh6 c4 22. Nh4 Kh8 23. Nf3 Qc5 24. Re2 Qe7 25. Red2 Nc5 26. Rxd8
Rxd8 27. Rxd8+ Qxd8 28. Nxe5 Qe7 29. Qf4 Kg7 30. Qg5 Kf8 31. f3 h5 32. Qh6+
Kg8 33. Qg5 Kf8 34. Ne2 Ng8 35. Qg3 Kg7 36. Nd4 Qc7 37. Qg5 Kf8 38. Nxg6+
fxg6 39. Kh1 Kf7 40. e5 Ne7 41. e6+ Nxe6 42. Nxe6 Kxe6 43. Bxg6 Qe5 44.
Bf7+ Kd6 45. Qh6+ Kd7 46. Bxh5 Nf5 47. Bg4 Qe1+ 48. Kh2 Qg3+ 49. Kh1 Qe1+
50. Kh2 Qg3+ 51. Kh1 Qe1+ 52. Kh2 { Game drawn by repetition } 1/2-1/2